 Dungeon Crawl Stone Soup version 0.18-a0-1649-g8d9735b (webtiles) character file.

72 Kidiri the Magician (level 4, -1/25 HPs)
             Began as a Deep Elf Fire Elementalist on Mar 29, 2016.
             Slain by a shadow imp (3 damage)
             ... summoned by Natasha
             ... on level 2 of the Dungeon.
             The game lasted 00:08:15 (1745 turns).

Kidiri the Magician (Deep Elf Fire Elementalist)    Turns: 1745, Time: 00:08:16

Health: -1/25      AC:  6    Str:  5    XL:     4   Next: 7%
Magic:  1/13       EV: 13    Int: 21    God:
Gold:   56         SH:  0    Dex: 15    Spells: 4 memorised, 2 levels left

rFire  . . .     SeeInvis .     g - +2 spear (venom)
rCold  . . .     Gourm    .     a - +0 robe
rNeg   . . .     Faith    .     (no shield)
rPois  .         Spirit   .     (no helmet)
rElec  .         Dismiss  .     (no cloak)
rCorr  .         Reflect  .     (no gloves)
SustAt .         Harm     .     (no boots)
MR     .....                    (no amulet)
Stlth  ++........               (no ring)
                                (no ring)

@: slowed, very slow, not resistant to hostile enchantments, unstealthy
A: hooves 1, iridescent scales 1, high mp 1
a: no special abilities


You were on level 2 of the Dungeon.
You were not hungry.

You visited 1 branch of the dungeon, and saw 2 of its levels.

You collected 56 gold pieces.

Inventory:

Hand Weapons
 g - a +2 spear of venom (weapon)
Armour
 a - a +0 robe (worn)
Wands
 i - a wand of lightning (6/15)
Scrolls
 e - a scroll of enchant weapon {unknown}
 h - a scroll of identify {unknown}
 j - a scroll of blinking {unknown}
 l - a scroll of fog {unknown}
Books
 b - a book of Flames

   Spells                             Type                      Level
   a - Flame Tongue                   Conjuration/Fire             1
   b - Throw Flame                    Conjuration/Fire             2
   c - Conjure Flame                  Conjuration/Fire             3
   d - Inner Flame                    Hexes/Fire                   3
   e - Sticky Flame                   Conjuration/Fire             4
   f - Fireball                       Conjuration/Fire             5
Comestibles
 c - a bread ration
 d - a chunk of flesh
 f - 2 meat rations
 k - a slice of pizza


   Skills:
 + Level 1.0 Fighting
 + Level 2.7 Dodging
 - Level 2.4 Stealth
 * Level 4.0 Spellcasting
 * Level 2.2 Conjurations
 + Level 1.0 Hexes
 + Level 3.8 Fire Magic


You had 2 spell levels left.
You knew the following spells:

 Your Spells              Type           Power        Failure   Level  Hunger
a - Flame Tongue          Conj/Fire      ###..        3%          1    None
b - Throw Flame           Conj/Fire      ###...       6%          2    #......
c - Conjure Flame         Conj/Fire      ###.....     12%         3    ###....
d - Inner Flame           Hex/Fire       ##......     17%         3    ###....


Dungeon Overview and Level Annotations

Branches:
Dungeon (2/15)

Altars:

Annotations:
D:2 Natasha


Innate Abilities, Weirdness & Mutations

You have large cloven feet.
You are partially covered in iridescent scales (AC +4).
You have an increased reservoir of magic (+10% MP).


Message History

Aim: Natasha (heavily wounded)
The flame tongue misses Natasha.
The shadow imp hits you.
* * * LOW HITPOINT WARNING * * *
Natasha mumbles some strange words.
The shadow imp misses you.
Unknown command.
Attack whom?
Press: ? - help, Dir - move target cursor, f/p - Natasha
Aim: Natasha (heavily wounded)
You hit Natasha.
Natasha is poisoned.
Natasha is severely wounded.
Natasha misses you. The shadow imp closely misses you.
The shadow imp grins evilly.
The shadow imp gestures at you. Pain shoots through your body!
* * * LOW HITPOINT WARNING * * *
Natasha stares at you and mumbles some strange words.
You feel as though you will be slow longer.
The shadow imp hits you.
You die...

###### ###########...>
...... #..............
...... #......<.......
...... #..............
...... #..............
...... #.....<........
...... #.......h......
...... #.....<@5......
...... #.....5........
###### #..............
##########..............
...#...........####.....
...#.########### #####
...+..###### ...#..#....#
#....######+#
..##..#'##+####.............


You could see Natasha and 2 shadow imps.

Vanquished Creatures
  Natasha (D:2)
  An adder (D:2)
  A worm (D:2)
  2 dart slugs
  3 giant cockroaches
  4 goblins (D:1)
  3 hobgoblins (D:1)
  7 bats
  2 giant newts (D:1)
  3 kobolds
  5 rats
32 creatures vanquished.

Notes
Turn   | Place    | Note
--------------------------------------------------------------
     0 | D:1      | Kidiri the Deep Elf Fire Elementalist began the quest for the Orb.
     0 | D:1      | Reached XP level 1. HP: 10/10 MP: 6/6
   297 | D:1      | Reached XP level 2. HP: 12/16 MP: 4/8
   301 | D:1      | Learned a level 2 spell: Throw Flame
   932 | D:2      | Reached XP level 3. HP: 13/20 MP: 7/10
   943 | D:2      | Gained mutation: You have an increased reservoir of magic (+10% MP). [potion of mutation]
   943 | D:2      | Gained mutation: You are partially covered in iridescent scales (AC +4). [potion of mutation]
   943 | D:2      | Gained mutation: You have large cloven feet. [potion of mutation]
  1338 | D:2      | Learned a level 3 spell: Conjure Flame
  1342 | D:2      | Learned a level 3 spell: Inner Flame
  1364 | D:2      | Noticed Natasha
  1372 | D:2      | Killed Natasha
  1372 | D:2      | Reached skill level 4 in Spellcasting
  1545 | D:2      | Reached skill level 1 in Hexes
  1678 | D:2      | Reached skill level 1 in Fighting
  1694 | D:2      | Reached XP level 4. HP: 25/25 MP: 8/13
  1738 | D:2      | Noticed Natasha
  1745 | D:2      | Slain by a shadow imp

Vault maps used:
D:1:      erik_arrival_cave_to_civilisation
D:2:      minmay_misc_feat_more_columns, uniq_natasha

Skill      XL: |  1  2  3 |
---------------+----------+-----
Spellcasting   | 4 |  4.0
Conjurations   | 2 |  2.2
Hexes          | 1 |  1.0
Fighting       | 1 |  1.0
Dodging        | |  2.7
Stealth        | |  2.4
Fire Magic     | |  3.8

Action                   |  1- 3 |  4- 6 || total
-------------------------+-------+-------++-------
Melee: Spear             |    13 |     1 ||    14
 Cast: Flame Tongue      |    35 |     4 ||    39
       Throw Flame       |    12 |     5 ||    17
  Use: Potion            |     3 |       ||     3
 Stab: Sleeping          |     4 |       ||     4
  Eat: Chunk             |     3 |       ||     3
